[Event "Titled Tuesday Blitz October 18 Late 2022"]
[White "De Souza, Cristiano Gomes"]
[Black "P., Komal Kishore"]
[WhiteFideId "2151758"]
[BlackFideId "5016703"]
[WhiteElo "2068"]
[BlackElo "2095"]
[Result "0-1"]
[Round "09"]
[TimeControl "180+1"]
[Date "2022.10.19"]
[WhiteClock "0:01:11"]
[BlackClock "0:01:32"]

1. d4 d5 2. c4 c6 3. Nf3 Nf6 4. Nc3 dxc4 5. a4 Bf5 6. e3 e6 7. Bxc4 Nbd7 8. O-O Bb4 9. Bd3 Bxd3 10. Qxd3 O-O 11. Bd2 a5 12. Rfc1 Qe7 13. Ne4 Nxe4 14. Qxe4 Nf6 15. Qd3 Rfd8 16. Ne5 Bxd2 17. Qxd2 Qb4 18. Qxb4 axb4 19. Rc4 Nd5 20. e4 Nf4 21. Kf1 f6 22. Nf3 Nd3 23. Ke2 Nf4+ 24. Kf1 Nd3 25. g3 b5 26. Rxc6 bxa4 27. Rc4 Rdb8 28. Rb1 b3 29. Ke2 Nxb2 30. Rxb2 a3 31. Rxb3 Rxb3 0-1


[Site "https://www.chess.com"]

[Event "Titled Tuesday Blitz October 18 Late 2022"]
[White "Deac, Bogdan-Daniel"]
[Black "Guliyev, Namig"]
[WhiteFideId "1226380"]
[BlackFideId "13400363"]
[WhiteElo "2648"]
[BlackElo "2526"]
[Result "1-0"]
[Round "09"]
[TimeControl "180+1"]
[Date "2022.10.18"]
[WhiteClock "0:00:02"]
[BlackClock "0:00:02"]

1. e4 e5 2. Nf3 Nf6 3. Nxe5 Nxe4 4. Qe2 Qe7 5. Qxe4 d6 6. d4 dxe5 7. dxe5 Nc6 8. Nc3 Qxe5 9. Qxe5+ Nxe5 10. Bf4 Bd6 11. Bg3 Bd7 12. Ne4 Bf5 13. Nxd6+ cxd6 14. O-O-O O-O-O 15. Be2 Rhe8 16. Rhe1 a6 17. f3 h5 18. h3 Bg6 19. Rd5 f6 20. Red1 Bf7 21. R5d4 d5 22. b3 Nc4 23. Bd3 Ne3 24. Rg1 Be6 25. Bf2 Nf5 26. Rf4 Nd6 27. g4 hxg4 28. hxg4 Rf8 29. Bd4 Kd7 30. a4 Ke7 31. Bb2 g5 32. Rb4 Rd7 33. Re1 f5 34. Rb6 fxg4 35. fxg4 Kf7 36. Ba3 Rfd8 37. Bg6+ Ke7 38. Bf5 1-0


[Site "https://www.chess.com"]

[Event "Titled Tuesday Blitz October 18 Late 2022"]
[White "Decuigniere, Tom"]
[Black "De La Colina, Nicolas"]
[WhiteFideId "26093820"]
[BlackFideId "30946921"]
[WhiteElo "2223"]
[BlackElo "2046"]
[Result "1-0"]
[Round "09"]
[TimeControl "180+1"]
[Date "2022.10.19"]
[WhiteClock "0:00:50"]
[BlackClock "0:00:03"]

1. c4 g6 2. g3 Bg7 3. Bg2 d6 4. Nc3 c5 5. d3 Nc6 6. Bf4 e5 7. Bd2 Nge7 8. e3 O-O 9. Nge2 Be6 10. Nd5 a5 11. Nec3 Nb4 12. Nxe7+ Qxe7 13. Qb1 f5 14. a3 Nc6 15. Nd5 Qd8 16. O-O Kh8 17. Ra2 Ne7 18. b4 axb4 19. axb4 Rxa2 20. Qxa2 cxb4 21. Bxb4 Nc6 22. Ba3 Ne7 23. Qb3 Qd7 24. Rb1 Bxd5 25. cxd5 Rb8 26. Qb4 Nc8 27. Rc1 b5 28. Rc6 Bf8 29. Bb2 Kg8 30. f4 Na7 31. fxe5 Nxc6 32. dxc6 Qc7 33. Bd5+ Kh8 34. exd6+ Qg7 35. Bxg7+ Bxg7 1-0


[Site "https://www.chess.com"]

[Event "Titled Tuesday Blitz October 18 Late 2022"]
[White "Dilanyan, Grigor"]
[Black "Urazayev, Arystanbek"]
[WhiteFideId "13303570"]
[BlackFideId "13709810"]
[WhiteElo "2264"]
[BlackElo "2441"]
[Result "0-1"]
[Round "09"]
[TimeControl "180+1"]
[Date "2022.10.18"]
[WhiteClock "0:00:27"]
[BlackClock "0:01:45"]

1. d4 Nf6 2. Nf3 g6 3. Bg5 Ne4 4. Bf4 Bg7 5. e3 c5 6. c3 Qb6 7. Qb3 d6 8. Bd3 Nf6 9. dxc5 Qxc5 10. O-O O-O 11. h3 e5 12. Bh2 e4 13. Bxe4 Nxe4 14. Nbd2 Nxd2 15. Nxd2 d5 16. e4 Be6 17. Qxb7 Nc6 18. Qc7 Rfc8 19. Qf4 d4 20. c4 d3 21. Rab1 Nd4 22. Kh1 a5 23. Qe3 Bxc4 24. Rfc1 Nc2 25. Qxc5 Rxc5 26. Bd6 Rc6 27. e5 Bxa2 28. Ra1 Be6 29. Ra4 h5 30. f4 h4 31. Ra3 Rxd6 32. exd6 Nxa3 33. bxa3 Rd8 34. Rc6 Bd5 35. Ra6 Bf8 36. Rxa5 Rxd6 37. Kh2 Bg7 38. Ra8+ Bxa8 0-1


[Site "https://www.chess.com"]

[Event "Titled Tuesday Blitz October 18 Late 2022"]
[White "Drost, Peter"]
[Black "Floresvillar Gonzalez, Luis Migu"]
[WhiteFideId "1017896"]
[BlackFideId "5100542"]
[WhiteElo "2378"]
[BlackElo "2040"]
[Result "1-0"]
[Round "09"]
[TimeControl "180+1"]
[Date "2022.10.19"]
[WhiteClock "0:00:09"]
[BlackClock "0:00:34"]

1. e4 c6 2. d4 d5 3. Nd2 dxe4 4. Nxe4 Bf5 5. Ng3 Bg6 6. h4 h6 7. Nf3 Nd7 8. h5 Bh7 9. Bd3 Bxd3 10. Qxd3 e6 11. Bd2 Ngf6 12. O-O-O Qb6 13. Kb1 O-O-O 14. Qe2 Bb4 15. c3 Ba3 16. Bc1 Rhe8 17. Ka1 Bd6 18. Ne5 Bxe5 19. dxe5 Nd5 20. c4 Nb4 21. a3 Na6 22. Ne4 Nxe5 23. Nd6+ Rxd6 24. Rxd6 Qc5 25. Rhd1 Nxc4 26. R6d4 b5 27. Be3 Qf5 28. Rd7 Nxe3 29. Qxe3 Qc5 30. Qxc5 Nxc5 31. Rxf7 e5 32. Rc1 Nb3+ 33. Kb1 Nxc1 34. Kxc1 Rg8 35. Rxa7 Kb8 36. Re7 Rf8 37. f3 Rf5 38. Rxg7 Rxh5 39. Kc2 Rh2 40. Kd3 h5 41. Rg5 h4 42. Ke4 h3 43. gxh3 Rxh3 44. Rxe5 Rh2 45. b4 Ra2 46. Kf5 Rxa3 47. f4 Rb3 48. Re4 Kc7 49. Ke6 Rf3 50. f5 c5 51. bxc5 Kc6 52. Re5 b4 53. f6 b3 54. f7 b2 55. Re1 Re3+ 56. Rxe3 b1=Q 57. f8=Q Qa2+ 58. Ke7 Qd2 59. Re6+ Kb5 60. Qb8+ Kc4 61. Qd6 Qg5+ 62. Kd7 Qg7+ 63. Re7 Qg2 64. Kc7 Kb5 65. Qb6+ Kc4 66. Qe6+ Kb5 67. Qb6+ Kc4 68. c6 Qg3+ 69. Kb7 Qf3 70. Rd7 Qf5 71. Rd4+ Kc3 72. Qb4+ Kc2 73. Rd2+ Kc1 74. Qb2# 1-0


[Site "https://www.chess.com"]

[Event "Titled Tuesday Blitz October 18 Late 2022"]
[White "Dzierzak, Radoslaw"]
[Black "Hoffmann, Asa"]
[WhiteFideId "1161407"]
[BlackFideId "2001470"]
[WhiteElo "2111"]
[BlackElo "2117"]
[Result "1/2-1/2"]
[Round "09"]
[TimeControl "180+1"]
[Date "2022.10.19"]
[WhiteClock "0:00:05"]
[BlackClock "0:00:49"]

1. e4 d6 2. d4 Nf6 3. Nc3 c6 4. Nf3 Bg4 5. h3 Bh5 6. Qe2 e6 7. g4 Bg6 8. h4 d5 9. e5 Ne4 10. Nxe4 Bxe4 11. Rh3 c5 12. Ng5 Nc6 13. c3 cxd4 14. f3 h6 15. Nxf7 Kxf7 16. fxe4 dxe4 17. Qxe4 Be7 18. Bd3 Ke8 19. Qg6+ Kd7 20. Kf1 Nxe5 21. Qe4 Rf8+ 22. Kg2 Nc6 23. Bc4 e5 24. cxd4 Bd6 25. dxe5 Bxe5 26. Bb5 Qf6 27. Be3 Rae8 28. Rd1+ Kc7 29. Rf3 Qxf3+ 30. Qxf3 Rxf3 31. Kxf3 Bxb2 32. Bxc6 bxc6 33. Bxa7 Ra8 34. Be3 Rxa2 35. Bf4+ Kb6 36. Rd7 Bf6 37. g5 hxg5 38. hxg5 Ra3+ 39. Kg4 Bc3 40. Be3+ Kb5 41. Rb7+ Kc4 42. Rc7 Ra6 43. g6 Bd4 44. Bxd4 Kxd4 45. Rxg7 c5 46. Kg5 c4 47. Rd7+ Kc3 48. g7 Ra8 49. Kg6 Kb2 50. Kf7 c3 51. Rb7+ Kc1 52. Rc7 c2 53. g8=Q Rxg8 54. Kxg8 Kb2 55. Rxc2+ Kxc2 1/2-1/2


[Site "https://www.chess.com"]

[Event "Titled Tuesday Blitz October 18 Late 2022"]
[White "Eisa Mohmood, Alkhoori"]
[Black "Przybylski, Wojciech"]
[WhiteFideId "9316116"]
[BlackFideId "1117599"]
[WhiteElo "1245"]
[BlackElo "2221"]
[Result "0-1"]
[Round "09"]
[TimeControl "180+1"]
[Date "2022.10.19"]
[WhiteClock "0:00:03"]
[BlackClock "0:00:55"]

1. e4 c5 2. Nf3 e6 3. d4 cxd4 4. Nxd4 Nc6 5. Nc3 a6 6. a3 Bc5 7. Nxc6 bxc6 8. Qg4 Qf6 9. Qg3 Ne7 10. Bd3 Ng6 11. Bg5 Bxf2+ 12. Qxf2 Qxg5 13. O-O O-O 14. Rae1 Ne5 15. Kh1 d6 16. Qd4 Qe7 17. Re3 c5 18. Qa4 Bd7 19. Qa5 Nc6 20. Qa4 Nd4 21. Qa5 Nc6 22. Qa4 Rfb8 23. Rfe1 Ne5 24. Qa5 Nc6 25. Qa4 Ne5 26. Qa5 h5 27. Nd1 Ng4 28. Rf3 Qh4 29. Rh3 Qg5 30. Qc7 Qd2 31. Rf1 Be8 32. Qxd6 c4 33. Qf4 Qxf4 34. Rxf4 cxd3 0-1


[Site "https://www.chess.com"]

[Event "Titled Tuesday Blitz October 18 Late 2022"]
[White "Ferreira, Vitor Hugo Vieira"]
[Black "Arkell, Keith C"]
[WhiteFideId "2119765"]
[BlackFideId "400270"]
[WhiteElo "2168"]
[BlackElo "2336"]
[Result "0-1"]
[Round "09"]
[TimeControl "180+1"]
[Date "2022.10.19"]
[WhiteClock "0:00:04"]
[BlackClock "0:00:55"]

1. e4 c6 2. d4 d5 3. exd5 cxd5 4. Bd3 Nf6 5. c3 Nc6 6. Ne2 Bg4 7. O-O e6 8. Qe1 Bxe2 9. Qxe2 Be7 10. f4 g6 11. f5 exf5 12. Bh6 Kd7 13. Na3 a6 14. Nc2 Ne4 15. Bf4 Bg5 16. c4 Bxf4 17. Rxf4 Qg5 18. Rf3 Qf6 19. cxd5 Nxd4 20. Qxe4 Nxf3+ 21. Qxf3 Rhe8 22. d6 Qxd6 23. Qxb7+ Qc7 24. Qd5+ Qd6 25. Qf3 Ke7 26. Rd1 Qb6+ 27. Kh1 Qxb2 28. Ne3 Kf6 29. Nd5+ Kg7 30. Nc7 Rad8 31. Nxe8+ Rxe8 32. a4 a5 33. Bb5 Re5 34. h3 h5 35. Qd3 Re4 36. Qd7 h4 37. Bc6 Re2 38. Qd4+ Qxd4 39. Rxd4 g5 40. Rd5 Kg6 41. Bd7 f4 42. Rxa5 Rd2 43. Bf5+ Kg7 44. Ra7 Kf6 45. Bg4 Ra2 46. Bh5 Ke5 47. Bxf7 Ra1+ 48. Kh2 f3 49. gxf3 Kf4 50. Bd5 Rd1 51. Be4 Rd2+ 52. Kg1 Kg3 53. Kf1 Kxh3 54. Ke1 Ra2 55. a5 Kg3 56. Bd5 Ra1+ 57. Kd2 h3 58. f4 Kxf4 59. a6 g4 60. Rf7+ Ke5 61. Bb7 g3 62. Rh7 g2 63. Bxg2 hxg2 64. Rg7 g1=Q 65. a7 Qxg7 66. a8=Q Rxa8 0-1


[Site "https://www.chess.com"]

[Event "Titled Tuesday Blitz October 18 Late 2022"]
[White "Forgacs, Attila Jr."]
[Black "Saravana, Krishnan P."]
[WhiteFideId "773654"]
[BlackFideId "5018382"]
[WhiteElo "2168"]
[BlackElo "2155"]
[Result "1-0"]
[Round "09"]
[TimeControl "180+1"]
[Date "2022.10.19"]
[WhiteClock "0:00:18"]
[BlackClock "0:00:02"]

1. e4 c6 2. d4 d5 3. e5 c5 4. dxc5 Nc6 5. a3 e6 6. b4 Nxe5 7. Bb2 Nc6 8. Nf3 Nf6 9. c4 Be7 10. Nc3 O-O 11. cxd5 exd5 12. Bd3 Bg4 13. h3 Bh5 14. g4 Bg6 15. O-O Ne4 16. Re1 f5 17. gxf5 Bxf5 18. Nxe4 dxe4 19. Bxe4 Qxd1 20. Raxd1 Bxe4 21. Rxe4 Rxf3 22. Rd7 Rf7 23. Rxb7 Raf8 24. Rc7 Bf6 25. Rxf7 Kxf7 26. Bxf6 gxf6 27. b5 Ne5 28. Ra4 Ra8 29. b6 Nc6 30. b7 Rg8+ 31. Kf1 Ke7 32. Rh4 Rh8 33. a4 Kd7 34. a5 Nxa5 35. Rxh7+ Rxh7 36. b8=Q Kc6 37. Qd6+ Kb7 38. Qxf6 Nc6 39. Qb2+ Kc7 40. Qb3 Rg7 41. h4 Rh7 42. Qg3+ Kb7 43. Qg4 a5 44. h5 a4 45. Qg6 Rd7 46. h6 a3 47. Qb1+ Kc7 48. h7 Rd8 49. Qb6+ Kd7 50. Qb7+ 1-0


[Site "https://www.chess.com"]

[Event "Titled Tuesday Blitz October 18 Late 2022"]
[White "Gabrielian, Artur"]
[Black "Zou, Chen"]
[WhiteFideId "4131002"]
[BlackFideId "8610959"]
[WhiteElo "2432"]
[BlackElo "2325"]
[Result "0-1"]
[Round "09"]
[TimeControl "180+1"]
[Date "2022.10.18"]
[WhiteClock "0:00:09"]
[BlackClock "0:00:09"]

1. e4 c5 2. Nf3 d6 3. d4 cxd4 4. Nxd4 Nf6 5. Nc3 a6 6. Bd3 e5 7. Nde2 Be7 8. O-O O-O 9. Ng3 b5 10. h3 b4 11. Nd5 Nxd5 12. exd5 g6 13. Bh6 Nd7 14. Bxf8 Bxf8 15. a3 bxa3 16. Rxa3 f5 17. Nxf5 gxf5 18. Bxf5 Nf6 19. Qf3 Bg7 20. Rfa1 Bb7 21. Be6+ Kh8 22. c4 e4 23. Qf5 Qc7 24. Rg3 Rf8 25. Qg5 Ne8 26. Re1 Qxc4 27. Qe7 Qd4 28. Ree3 Qf6 29. Qxb7 Qxf2+ 30. Kh1 Bd4 31. Qb3 Nf6 32. Kh2 Be5 33. Kh1 Nh5 0-1


[Site "https://www.chess.com"]

[Event "Titled Tuesday Blitz October 18 Late 2022"]
[White "Galaktionov, Artem"]
[Black "Sadhwani, Raunak"]
[WhiteFideId "24175471"]
[BlackFideId "35093487"]
[WhiteElo "2278"]
[BlackElo "2656"]
[Result "0-1"]
[Round "09"]
[TimeControl "180+1"]
[Date "2022.10.18"]
[WhiteClock "0:00:13"]
[BlackClock "0:00:10"]

1. d4 Nc6 2. c4 d5 3. cxd5 Qxd5 4. e3 e5 5. Nc3 Bb4 6. Bd2 Bxc3 7. bxc3 Nf6 8. c4 Qd8 9. d5 Ne7 10. Nf3 Ng6 11. Bb4 Bg4 12. Be2 Qd7 13. O-O O-O-O 14. Qc2 h5 15. a4 e4 16. Nd4 Ne5 17. a5 Bxe2 18. Qxe2 Qg4 19. Rfc1 Qxe2 20. Nxe2 Nd3 21. Rcb1 Ng4 22. Be1 Nge5 23. Ra4 h4 24. Bc3 Rh5 25. Bxe5 Rxe5 26. Nf4 Nc5 27. Rab4 Rd6 28. h3 Rf6 29. Rf1 Rg5 30. Rb5 b6 31. axb6 axb6 32. Ra1 Rgf5 33. Ra8+ Kd7 34. Rg8 g5 35. Nh5 Rh6 36. g4 hxg3 37. Nxg3 Re5 38. Kg2 Nd3 39. Rb1 Rf6 40. Rf1 Kd6 41. Rd8+ Kc5 42. Rd7 Kxc4 43. Rxc7+ Kxd5 44. Rd7+ Kc6 45. Rd4 Nc5 46. Rc1 Kb7 47. Rcc4 Rfe6 48. Rb4 f5 49. Ne2 Nd3 50. Rb3 f4 51. exf4 gxf4 52. Nc3 f3+ 53. Kf1 Nc5 54. Rb1 Rg6 55. Rd5 Re7 56. Rxc5 Reg7 57. Ke1 Rg1+ 58. Kd2 Rxb1 59. Re5 Rb2+ 60. Ke3 Rb3 61. Kd4 Rd7+ 62. Nd5 Rb2 63. Kxe4 Rxf2 64. Ke3 Re2+ 0-1


[Site "https://www.chess.com"]

[Event "Titled Tuesday Blitz October 18 Late 2022"]
[White "Gasparyan, David"]
[Black "Shuvalov, Evgenij"]
[WhiteFideId "13311980"]
[BlackFideId "4187237"]
[WhiteElo "2380"]
[BlackElo "2049"]
[Result "0-1"]
[Round "09"]
[TimeControl "180+1"]
[Date "2022.10.19"]
[WhiteClock "0:00:03"]
[BlackClock "0:00:55"]

1. d4 Nf6 2. Nf3 c5 3. c3 d5 4. e3 Bg4 5. Bd3 e6 6. Nbd2 Nc6 7. h3 Bh5 8. Qa4 Nd7 9. O-O Be7 10. Nh2 Bg6 11. Bb5 Qc7 12. f4 O-O 13. Ndf3 c4 14. Ng4 Nf6 15. Nge5 Nxe5 16. fxe5 Ne4 17. Qd1 Ng3 18. Rf2 Ne4 19. Rf1 f6 20. Ba4 fxe5 21. Nxe5 Rxf1+ 22. Qxf1 Rf8 23. Qe1 Bd6 24. Bd1 Bxe5 25. dxe5 Qxe5 26. Bf3 Ng5 27. Bg4 Bd3 28. e4 Rf1+ 29. Qxf1 Bxf1 30. Kxf1 Nxe4 31. Kg1 h5 32. Bf3 Ng5 33. Bxg5 Qxg5 34. Re1 Kf7 35. Kf2 h4 36. Re2 Qg3+ 37. Kf1 Kf6 38. Rf2 Ke7 39. Re2 Kd6 40. Rf2 b5 41. Rd2 a5 42. Ke2 b4 43. Rd4 Qe5+ 44. Kf2 Qg5 45. Rg4 Qd2+ 46. Kg1 Qxb2 47. cxb4 axb4 48. Rxg7 Qxg7 49. Be2 Qd4+ 50. Kf1 Qe3 51. Ke1 Qc1+ 52. Kf2 Qb2 53. Kf3 Qxa2 54. Kg4 Qxe2+ 55. Kxh4 Qxg2 56. Kh5 Ke5 57. h4 Kf6 0-1


[Site "https://www.chess.com"]

[Event "Titled Tuesday Blitz October 18 Late 2022"]
[White "Girsh, Daniel"]
[Black "Jean Louis, Marckens"]
[WhiteFideId "30949190"]
[BlackFideId "11900270"]
[WhiteElo "2075"]
[BlackElo "2030"]
[Result "1-0"]
[Round "09"]
[TimeControl "180+1"]
[Date "2022.10.19"]
[WhiteClock "0:01:30"]
[BlackClock "0:00:11"]

1. d4 d5 2. Nc3 e6 3. Bf4 Nf6 4. Nb5 Na6 5. e3 Be7 6. Nf3 O-O 7. Ne5 c6 8. Nc3 Nc7 9. Bd3 Nce8 10. Qf3 c5 11. g4 cxd4 12. exd4 Qb6 13. O-O-O Bb4 14. Ne2 Qa5 15. Kb1 Nd7 16. c3 Bd6 17. Qh3 g6 18. Qh6 Nxe5 19. dxe5 Be7 20. h4 f5 21. h5 Ng7 22. hxg6 hxg6 23. Qh7+ Kf7 24. Rh6 Rg8 25. Rxg6 Bd7 26. gxf5 exf5 27. Nd4 Kf8 28. Rdg1 Qa4 29. Rxg7 Rxg7 30. Qxg7+ Ke8 31. e6 Bc6 32. Qg8+ Bf8 33. Qf7+ Kd8 34. Qxf8+ Be8 35. Qd6+ 1-0


[Site "https://www.chess.com"]

[Event "Titled Tuesday Blitz October 18 Late 2022"]
[White "Goltsev, Dmitry"]
[Black "Yeletsky, Ivan"]
[WhiteFideId "24176710"]
[BlackFideId "24180327"]
[WhiteElo "2257"]
[BlackElo "2391"]
[Result "1/2-1/2"]
[Round "09"]
[TimeControl "180+1"]
[Date "2022.10.18"]
[WhiteClock "0:01:27"]
[BlackClock "0:00:04"]

1. e4 e5 2. Nf3 Nc6 3. Bb5 a6 4. Ba4 Bc5 5. O-O Nge7 6. Nxe5 Nxe5 7. d4 b5 8. Bb3 Bxd4 9. Qxd4 d6 10. c3 O-O 11. f4 c5 12. Qd1 Ng4 13. h3 Nf6 14. e5 dxe5 15. fxe5 Qxd1 16. Rxd1 Ne4 17. Nd2 Ng3 18. Nf1 Ne2+ 19. Kh2 Nxc1 20. Raxc1 Ng6 21. Ng3 c4 22. Bc2 Nxe5 23. Re1 f6 24. Be4 Ra7 25. Rcd1 Rd7 26. Bf5 Rxd1 27. Rxd1 Bxf5 28. Nxf5 Nd3 29. b3 g6 30. bxc4 Nb2 31. Ne7+ Kf7 32. Rd7 Ke6 33. Ra7 Nxc4 34. Nc6 Nd6 35. Rxa6 Rc8 36. Rb6 Kd7 37. Nd4 Rc5 38. a3 Kc7 39. Ra6 Rc4 40. g4 Ne4 41. Nxb5+ Kd7 42. Ra7+ Kc6 43. Rxh7 Kxb5 44. Rb7+ Ka6 45. Rb4 Rxb4 46. cxb4 g5 47. Kg2 Kb5 48. Kf3 Nd6 49. Kg3 Ne4+ 50. Kf3 Nd6 51. Kg3 Ka4 52. h4 gxh4+ 53. Kxh4 Ne4 54. Kh5 Kxa3 55. b5 Kb4 56. b6 Nd6 57. Kg6 Kc5 58. b7 Nxb7 59. Kxf6 Nd6 60. Ke5 Kc6 61. Ke6 Ne4 62. Kf5 Kd5 63. g5 Nxg5 1/2-1/2


[Site "https://www.chess.com"]

[Event "Titled Tuesday Blitz October 18 Late 2022"]
[White "Gonzalez, Francisco Silva"]
[Black "Hirneise, Jens"]
[WhiteFideId "1512285"]
[BlackFideId "24614734"]
[WhiteElo "2159"]
[BlackElo "2344"]
[Result "0-1"]
[Round "09"]
[TimeControl "180+1"]
[Date "2022.10.19"]
[WhiteClock "0:00:58"]
[BlackClock "0:01:13"]

1. d4 Nf6 2. c4 Nc6 3. Nf3 e6 4. a3 d5 5. Nc3 Be7 6. Bg5 O-O 7. e3 a6 8. Qc2 dxc4 9. Bxc4 b5 10. Ba2 Bb7 11. Rd1 b4 12. Bb1 g6 13. Bxf6 Bxf6 14. Ne4 bxa3 15. bxa3 Be7 16. Nc5 Bxc5 17. dxc5 Qf6 18. h4 Rfd8 19. Qb3 Rxd1+ 20. Kxd1 Rd8+ 21. Ke2 Na5 22. Qb4 Bc6 23. Bd3 Bxf3+ 24. gxf3 Nc6 25. Qb3 Rb8 26. Qc4 Rb2+ 27. Bc2 Ne5 28. Qe4 Rxc2+ 29. Qxc2 Qxf3+ 30. Kd2 Qxh1 31. Qa4 Qd5+ 32. Kc2 Qxc5+ 33. Kd2 Qd5+ 34. Kc2 Qc4+ 35. Qxc4 Nxc4 36. Kb3 Nb6 37. Kb4 f6 38. Ka5 Nc4+ 39. Kb4 Nxa3 40. Kxa3 h5 41. f4 g5 42. Ka4 g4 43. Ka5 g3 44. Kxa6 g2 45. f5 exf5 46. Kb7 g1=Q 47. e4 fxe4 48. Kc6 Qd4 49. Kb7 c5 50. Kb6 c4+ 51. Kb5 Kf7 52. Kc6 c3 53. Kb5 Kf8 54. Kc6 Ke7 0-1


[Site "https://www.chess.com"]

[Event "Titled Tuesday Blitz October 18 Late 2022"]
[White "Gonzalez Vega, Alejandro"]
[Black "Kirillov, Dmitry"]
[WhiteFideId "3510042"]
[BlackFideId "34180572"]
[WhiteElo "2261"]
[BlackElo "2095"]
[Result "1/2-1/2"]
[Round "09"]
[TimeControl "180+1"]
[Date "2022.10.19"]
[WhiteClock "0:00:06"]
[BlackClock "0:00:07"]

1. e4 c6 2. d4 d5 3. exd5 cxd5 4. Bd3 Nc6 5. c3 Nf6 6. Bf4 g6 7. h3 Bg7 8. Nf3 O-O 9. O-O Bf5 10. Re1 Rc8 11. Ne5 Re8 12. Bxf5 gxf5 13. Nd2 Qb6 14. Qb3 Ne4 15. Nxe4 Qxb3 16. axb3 Bxe5 17. dxe5 fxe4 18. f3 exf3 19. gxf3 e6 20. Kf2 Kh8 21. Bg5 h5 22. Bf6+ Kh7 23. b4 a6 24. Kg3 Rg8+ 25. Kh4 Rg6 26. Rg1 Rcg8 27. Rxg6 fxg6 28. Kg5 d4 29. Rd1 Rc8 30. Rd3 Rc7 31. h4 b5 32. Kf4 Rd7 33. Ke4 Kg8 34. f4 Kf7 35. cxd4 Nxb4 36. Rc3 Nd5 37. Rc6 Nxf6+ 38. exf6 Kxf6 39. Rxa6 Rd5 40. Rb6 Ke7 41. b4 Rf5 42. Rc6 Rd5 43. Rc5 Kd6 44. Rc8 Ke7 45. Rc7+ Kd6 46. Rg7 Kc6 47. Rxg6 Rd6 48. Rg5 Kd7 49. Rxh5 Rc6 50. Re5 Rc4 51. f5 exf5+ 52. Rxf5 Rxb4 53. Kd5 Rb1 54. Kc5 b4 55. Rf2 b3 56. d5 Rh1 57. Kb4 Rxh4+ 58. Kxb3 Rd4 59. Rf5 Kd6 60. Kc3 Rxd5 61. Rxd5+ Kxd5 1/2-1/2


[Site "https://www.chess.com"]

[Event "Titled Tuesday Blitz October 18 Late 2022"]
[White "Gorodetzky, David"]
[Black "Hansen, Eric"]
[WhiteFideId "2813416"]
[BlackFideId "2606771"]
[WhiteElo "2487"]
[BlackElo "2568"]
[Result "1-0"]
[Round "09"]
[TimeControl "180+1"]
[Date "2022.10.18"]
[WhiteClock "0:00:03"]
[BlackClock "0:00:01"]

1. Nf3 d5 2. b3 Bg4 3. Bb2 Bxf3 4. exf3 e6 5. g3 Nf6 6. Bg2 g6 7. f4 Bg7 8. d4 O-O 9. Nd2 Nfd7 10. c4 c6 11. O-O a5 12. Qc2 a4 13. Nf3 Na6 14. Bc3 Qe7 15. Rfe1 Nf6 16. Ne5 Rfd8 17. Qb2 a3 18. Qe2 c5 19. Rad1 cxd4 20. Rxd4 Nb4 21. cxd5 Nbxd5 22. Ba1 Rac8 23. Qd2 Qc7 24. Rc4 Qd6 25. Qc1 Qf8 26. h3 b5 27. Rc6 Nb4 28. Rxc8 Rxc8 29. Qxa3 Rc2 30. Qa5 Qc5 31. Qd8+ Bf8 32. Rf1 Nh5 33. Ng4 Rc3 34. a3 Nd5 35. Bxd5 exd5 36. Bxc3 Qxc3 37. Qxd5 Qa5 38. b4 Qa7 39. Ne5 Nxg3 40. Rd1 Nf5 41. Qd7 Qxd7 42. Rxd7 f6 43. Nc6 Nd6 44. Rd8 Kf7 45. Rd7+ Ke6 46. Ra7 Kd5 47. Ne7+ Kc4 48. Nc6 Kb3 49. Nd4+ Kc4 50. Ne6 Bh6 51. Rxh7 Nf5 52. Rf7 Kb3 53. Rxf6 Nh4 54. Kf1 Kxa3 55. Nd4 Kxb4 56. Rc6 Bxf4 57. Ne6 Be5 58. f4 Bb2 59. Kf2 Nf5 60. Kf3 Kb3 61. Kg4 b4 62. Nc5+ Kc4 63. Na6+ Kb5 64. Nxb4 Ne3+ 65. Kf3 Nf5 66. Rxg6 Kxb4 67. Kg4 Ne3+ 68. Kg5 Kc4 69. h4 Kd5 70. h5 Ng2 71. h6 Ne3 72. h7 Nc4 73. Rg8 Nd6 74. Kg6 Ke4 75. f5 1-0


[Site "https://www.chess.com"]

[Event "Titled Tuesday Blitz October 18 Late 2022"]
[White "Goryachkina, Aleksandra"]
[Black "Ibadov, Dashgyn"]
[WhiteFideId "4147103"]
[BlackFideId "24107514"]
[WhiteElo "2484"]
[BlackElo "2208"]
[Result "1-0"]
[Round "09"]
[TimeControl "180+1"]
[Date "2022.10.18"]
[WhiteClock "0:00:20"]
[BlackClock "0:00:10"]

1. e4 e5 2. Nf3 Nc6 3. d4 exd4 4. Nxd4 Nf6 5. Nxc6 bxc6 6. Bd3 d5 7. exd5 cxd5 8. O-O Be7 9. c4 c6 10. cxd5 cxd5 11. Nc3 O-O 12. Bg5 Be6 13. Qf3 Qb6 14. Bxf6 Bxf6 15. Nxd5 Bxd5 16. Qxd5 Rad8 17. Qe4 g6 18. Rad1 Qxb2 19. Bc4 Kg7 20. g3 a5 21. Bb3 Rde8 22. Qf3 Rd8 23. Rfe1 h5 24. h4 Rxd1 25. Rxd1 Re8 26. Rd7 Rf8 27. Qd5 Qa1+ 28. Kg2 Qe5 29. Rxf7+ Rxf7 30. Qxf7+ Kh6 31. Bc2 1-0


[Site "https://www.chess.com"]

[Event "Titled Tuesday Blitz October 18 Late 2022"]
[White "Hambleton, Aman"]
[Black "Abdyzhapar, Asylbek"]
[WhiteFideId "2606577"]
[BlackFideId "13800337"]
[WhiteElo "2538"]
[BlackElo "2323"]
[Result "1-0"]
[Round "09"]
[TimeControl "180+1"]
[Date "2022.10.18"]
[WhiteClock "0:00:09"]
[BlackClock "0:00:51"]

1. d4 d5 2. Bf4 Nf6 3. e3 e6 4. Nd2 Bd6 5. Ngf3 O-O 6. Bd3 c5 7. c3 b6 8. Qe2 Qc7 9. Bxd6 Qxd6 10. Ne5 Nfd7 11. f4 f6 12. Qh5 f5 13. g4 Ba6 14. Bxa6 Nxa6 15. Rg1 Nf6 16. Qh4 cxd4 17. exd4 fxg4 18. Nxg4 Nxg4 19. Rxg4 b5 20. a3 Rf7 21. Nf3 Raf8 22. Ng5 h6 23. Nxf7 Rxf7 24. Qxh6 Nc7 25. Qg5 Ne8 26. O-O-O a5 27. Qe5 Qb6 28. Re1 Nc7 29. Reg1 Ne8 30. Rg6 b4 31. Qxe6 Qd8 32. f5 bxc3 33. f6 cxb2+ 34. Kb1 Kf8 35. fxg7+ Kg8 36. Qxf7+ 1-0


[Site "https://www.chess.com"]

[Event "Titled Tuesday Blitz October 18 Late 2022"]
[White "Hemam, Moulaye Brahim"]
[Black "Brown, Andrew"]
[WhiteFideId "19600054"]
[BlackFideId "3206513"]
[WhiteElo "2088"]
[BlackElo "2245"]
[Result "0-1"]
[Round "09"]
[TimeControl "180+1"]
[Date "2022.10.19"]
[WhiteClock "0:00:02"]
[BlackClock "0:00:11"]

1. e4 g6 2. d4 Bg7 3. Nc3 c6 4. Be3 d5 5. exd5 cxd5 6. Qd2 Nc6 7. O-O-O Bf5 8. a3 Rc8 9. Bd3 Bxd3 10. Qxd3 Nf6 11. Nf3 O-O 12. Ne5 Qa5 13. Qb5 Qxb5 14. Nxb5 a6 15. Nxc6 Rxc6 16. Nc3 b5 17. f3 Rfc8 18. Kb1 e6 19. Rd2 Ne8 20. Bf4 Nd6 21. Bxd6 Rxd6 22. Ne2 a5 23. c3 h5 24. Rc2 Bh6 25. Nc1 b4 26. axb4 axb4 27. cxb4 Rxc2 28. Kxc2 Rc6+ 29. Kb1 Rc4 30. Rd1 Rxb4 31. Na2 Rc4 32. b3 Rc7 33. Rd3 h4 34. Rc3 Rb7 35. Kc2 Bf4 36. h3 Kg7 37. Kd3 Kf6 38. Kc2 Kf5 39. b4 Bd6 40. Kb3 Kf4 41. Rd3 Kg3 42. Rd2 Bf4 43. Rc2 Be3 44. Nc3 Bf2 45. Rd2 g5 46. Nd1 Bg1 47. Rc2 Bxd4 48. Nb2 Bxb2 49. Rxb2 e5 50. Ka4 d4 51. b5 f5 52. b6 e4 53. fxe4 fxe4 54. Kb5 d3 55. Kc4 Kf4 56. Kd4 Rd7+ 57. Kc3 Ke3 58. b7 Rc7+ 0-1


[Site "https://www.chess.com"]

[Event "Titled Tuesday Blitz October 18 Late 2022"]
[White "Holt, Conrad"]
[Black "Tsaruk, Maksim"]
[WhiteFideId "2034387"]
[BlackFideId "13511173"]
[WhiteElo "2592"]
[BlackElo "2273"]
[Result "1-0"]
[Round "09"]
[TimeControl "180+1"]
[Date "2022.10.18"]
[WhiteClock "0:00:38"]
[BlackClock "0:00:05"]

1. d4 Nf6 2. c4 e6 3. Nc3 d5 4. cxd5 Nxd5 5. e4 Nxc3 6. bxc3 c5 7. Rb1 Be7 8. Nf3 O-O 9. Bc4 a6 10. O-O b5 11. Bd3 Nc6 12. d5 Na5 13. Bf4 Bb7 14. c4 Qc8 15. cxb5 exd5 16. exd5 c4 17. Bc2 Rd8 18. Qe1 axb5 19. Qxe7 Bxd5 20. Qh4 h6 21. Bxh6 gxh6 22. Qxh6 Ra6 23. Qh7+ Kf8 24. Rfe1 Be6 25. Ng5 Qc5 26. Rxe6 fxe6 27. Qf7# 1-0


[Site "https://www.chess.com"]